 Dungeon Crawl Stone Soup version 0.26-a0-466-g989023bd0d (webtiles) character file.

Game seed: 3841282300319778357

31494 1player the Earth Mage (level 13, 60/82 HPs)
             Began as a Gargoyle Earth Elementalist on Aug 9, 2020.
             Was an Elder of Vehumet.
             Quit the game on level 4 of the Lair of Beasts.
             The game lasted 01:43:09 (27577 turns).

1player the Earth Mage (GrEE)                      Turns: 27577, Time: 01:43:10

Health: 60/82      AC: 20    Str: 14    XL:     13   Next: 58%
Magic:  2/22       EV: 17    Int: 19    God:    Vehumet [****..]
Gold:   942        SH:  0    Dex: 16    Spells: 4/24 levels left

rFire    + . .     SeeInvis +   a - staff of earth
rCold    + . .     Faith    .   (no shield)
rNeg     + . .     Spirit   .   Q - +1 robe {rC+ rF+}
rPois    ∞         Reflect  .   U - +1 helmet {SInv}
rElec    +         Harm     .   (no cloak)
rCorr    .                      p - +0 pair of gloves
MR       .....                  k - +0 pair of boots
Stlth    +++.......             e - amulet of regeneration
HPRegen  0.63/turn              S - +6 ring of dexterity
MPRegen  0.18/turn              H - +4 ring of protection

@: no status effects
A: negative energy resistance 1, electricity resistance, unbreathing,
petrification resistance, rot immunity, AC +9
a: Renounce Religion


You were on level 4 of the Lair of Beasts.
You worshipped Vehumet.
Vehumet was greatly pleased with you.
You visited 3 branches of the dungeon, and saw 16 of its levels.
You also visited: Sewer, Ossuary and Volcano.

You collected 1070 gold pieces.
You spent 128 gold pieces at shops.

Inventory:

Hand Weapons
 b - a +3 spear of venom
Missiles
 T - 151 stones (quivered)
Armour
 k - a +0 pair of boots (worn)
 p - a +0 pair of gloves (worn)
 Q - a +1 robe of resistance (worn)
 U - a +1 helmet of see invisible (worn)
Magical Staves
 a - an uncursed staff of earth (weapon)
Jewellery
 e - an amulet of regeneration (around neck)
 E - an uncursed ring of ice
 H - a +4 ring of protection (right hand)
 J - an uncursed ring of resist corrosion
 R - an uncursed ring of flight
 S - a +6 ring of dexterity (left hand)
Wands
 t - a wand of enslavement (5)
 w - a wand of iceblast (7)
 N - a wand of digging (16)
 O - a wand of paralysis (13)
 P - a wand of flame (60)
Scrolls
 d - 4 scrolls of amnesia
 f - 21 scrolls of teleportation
 l - 3 scrolls of remove curse {@r2}
 s - a scroll of holy word {unknown}
 v - a scroll of enchant weapon
 x - 2 scrolls of fear
 y - 2 scrolls of identify {@r1}
 A - a scroll of brand weapon {unknown}
 B - 3 scrolls of magic mapping
 C - 3 scrolls of fog
 G - a scroll of torment {unknown}
 M - 5 scrolls of enchant armour
 Y - a scroll of vulnerability
Potions
 i - 2 potions of stabbing
 q - 3 potions of flight
 u - 8 potions of curing {@q1}
 z - 4 potions of cancellation
 D - 3 potions of mutation {!q}
 F - a potion of invisibility
 I - 4 potions of brilliance
 K - a potion of might
 L - 4 potions of heal wounds {@q2}
 V - a potion of resistance {unknown}
 W - 2 potions of magic
 X - a potion of berserk rage
Miscellaneous
 Z - a lightning rod (4/4)


   Skills:
 - Level 10.0 Fighting
 + Level 7.3 Dodging
 - Level 6.0 Stealth
 - Level 6.0 Spellcasting
 - Level 10.0 Conjurations
 - Level 7.0 Transmutations
 - Level 15.0 Earth Magic


You had 4 spell levels left.
You knew the following spells:

 Your Spells              Type           Power        Failure   Level
a - Passwall              Tmut/Erth      ######..     1%          2
d - Lee's Rapid Deconstr  Erth           #######...   1%          5
q - Stone Arrow           Conj/Erth      ######       1%          3
s - Petrify               Tmut/Erth      ######..     1%          4
w - Magic Dart            Conj           ####         1%          1
z - Searing Ray           Conj           #####.       1%          2
D - Dazzling Flash        Conj/Hex       ###...       1%          3

Your spell library contained the following spells:

 Spells                   Type           Power        Failure   Level
 Ozocubu's Refrigeration  Ice            #.........   98%         6
 Sandblast                Erth           ######       0%          1
 Beastly Appendage        Tmut           ####..       1%          1
 Shock                    Conj/Air       ###.         1%          1
 Wereblood                Tmut           ####....     1%          2
 Conjure Flame            Conj/Fire      ###.....     1%          3
 Static Discharge         Conj/Air       ###.....     1%          3
 Mephitic Cloud           Conj/Pois/Air  ###.....     2%          3
 Freeze                   Ice            #...         3%          1
 Fulminant Prism          Conj/Hex       ###.......   4%          4
 Iskenderun's Mystic Bla  Conj/Tloc      ###.....     4%          4
 Spider Form              Tmut/Pois      ###.......   8%          3
 Blink                    Tloc           N/A          17%         2
 Call Imp                 Summ           #.......     17%         2
 Corpse Rot               Necr/Air       N/A          17%         2
 Slow                     Hex            #.......     17%         2
 Swiftness                Air            #.......     17%         2
 Ice Form                 Ice/Tmut       ###.....     26%         4
 Airstrike                Air            #.........   28%         4
 Gell's Gravitas          Tloc           #.........   32%         3
 Portal Projectile        Hex/Tloc       #.....       32%         3
 Dispel Undead            Necr           #.......     73%         4
 Passage of Golubria      Tloc           N/A          73%         4
 Lightning Bolt           Conj/Air       ###.......   11%         5
 Blade Hands              Tmut           ####......   17%         5
 Agony                    Necr           #.......     97%         5
 Excruciating Wounds      Necr           #.........   97%         5
 Dispersal                Tloc           #.........   100%        6
 Invisibility             Hex            #.......     100%        6
 Controlled Blink         Tloc           N/A          100%        8
 Disjunction              Tloc           #.........   100%        8
 Sublimation of Blood     Necr           Unusable     N/A         2

Dungeon Overview and Level Annotations

Branches:
Dungeon (11/15)            Temple (1/1) D:5            Lair (4/6) D:10
 Shoals (0/4) Lair:4        Snake (0/4) Lair:3          Orc (0/2) D:11
  Sewer (visited)         Ossuary (visited)         Volcano (visited)

Altars:
Ashenzari
Cheibriados
Dithmenos
Elyvilon
Fedhas
Gozag
Hepliaklqana
Kikubaaqudgha
Makhleb
Nemelex Xobeh
Okawaru
Qazlal
Ru
Sif Muna
Trog
Uskayaw
Vehumet
Wu Jian
Xom
Yredelemnul
Zin
The Shining One

Shops:
D:4 (   D:10 !

Annotations:
D:5 2 transporters, Sassenached's ghost, amateur DgWn
D:8 2 transporters


Innate Abilities, Weirdness & Mutations

You are resistant to torment.
Your stone body is resilient. (AC +9)
You are immune to poison.
You resist negative energy. (rN+)
You are resistant to electric shocks. (rElec)
You can survive without breathing.
You are immune to petrification.
You are immune to rotting.


Message History

Casting: Stone Arrow (safe; 1% risk of failure)
Confirm with . or Enter, or press ? or * to list all spells.
Aiming: Stone Arrow (safe; 1% risk of failure)
Press: ? - help, Shift-Dir - straight line, f/p - wolf
Aim: a wolf You feel a surge of power!
The stone arrow hits the wolf!
The wolf is heavily wounded.
The wolf bites you! The wolf bites you but does no damage.
Casting: Stone Arrow (safe; 1% risk of failure)
Confirm with . or Enter, or press ? or * to list all spells.
Aiming: Stone Arrow (safe; 1% risk of failure)
Press: ? - help, Shift-Dir - straight line, f/p - wolf
Aim: a wolf (heavily wounded)
You feel a surge of power!
The stone arrow misses the wolf.
The wolf bites you but does no damage.
Casting: Stone Arrow (safe; 1% risk of failure)
Confirm with . or Enter, or press ? or * to list all spells.
You don't have enough magic to cast that spell.
A wolf is nearby!
Are you sure you want to abandon this character and quit the game? (Confirm with "yes".)

...(.... ..#.#..#P##......#.##+#
........ ........................
........ ............$...........
........ ........................
........ ........................
....# ........................
#P.###P .....>...................
.....#......###†#h.#.P......#.###
.....#....... #@#####.....#..###
......#.....# #..# #......#....#
......P.....###... #......#....#
#..##.P............ ##........^PP
###.#.......P.###P###P........PP.
..............########...........
............##.#.##.##...........
.................................
.#####.#.#.#.#P####.##.###.##P###


You could see a wolf.

Vanquished Creatures
  3 hydras
  2 catoblepae (Lair:3)
  A centaur warrior (D:9)
  2 two-headed ogres
  Nergalle (Lair:1)
  A fire crab (Volcano)
  A lindwurm (Volcano)
  A cyclops (D:9)
  2 ugly things
  An orc sorcerer (D:9)
  A deep elf mage (D:9)
  A manticore (Lair:4)
  2 molten gargoyles (Volcano)
  4 black mambas
  Psyche (D:10)
  Maggie (D:8)
  A gargoyle (D:11)
  2 kobold demonologists
  4 komodo dragons
  3 trolls
  2 polar bears (Lair:3)
  5 blink frogs
  6 hippogriffs
  6 wraiths
  4 wyverns
  8 fire bats (Volcano)
  A basilisk (D:10)
  Menkaure (D:5)
  17 yaks
  A vampire mosquito (D:9)
  A steam dragon (Volcano)
  Edmund (D:4)
  3 nagas (Lair:3)
  7 water moccasins
  2 hell hounds (Volcano)
  2 sky beasts
  7 porcupines
  A black bear (D:7)
  An ice beast (D:8)
  3 orc warriors
  A phantom (D:4)
  8 ogres
  5 wolves
  6 centaurs
  8 crocodiles
  Blork the orc (D:6)
  5 big kobolds
  5 gnoll sergeants
  7 bullfrogs
  A wyvern skeleton (D:9)
  16 killer bees
  3 scorpions
  10 wights
  2 howler monkeys
  A vampire bat (D:9)
  5 lava snakes (Volcano)
  4 bullfrog skeletons
  3 hounds
  9 jellies
  2 bullfrog zombies (D:11)
  2 orc priests
  A centaur skeleton (D:9)
  15 orc wizards
  An iguana (D:9)
  Terence (D:1)
  7 worker ants
  A killer bee zombie (D:6)
  A hound zombie (D:11)
  A hound skeleton (D:5)
  2 worker ant zombies (D:11)
  8 gnolls
  16 adders
  A river rat (D:3)
  3 shadow imps
  3 white imps
  An ufetubus (D:9)
  10 oozes
  An adder skeleton (D:4)
  2 adder zombies (Ossuary)
  7 worms
  3 dart slugs
  12 leopard geckos
  55 orcs
  17 bats
  4 bat skeletons (D:9)
  A bat zombie (D:9)
  6 giant cockroaches
  8 goblins
  6 hobgoblins
  12 jackals
  4 quokkas
  3 ball pythons
  7 frilled lizards
  A hobgoblin skeleton (Ossuary)
  16 kobolds
  A kobold zombie (Ossuary)
  An orc skeleton (Ossuary)
  2 orc zombies (Ossuary)
  10 rats
  A fungus (Lair:1)
470 creatures vanquished.

Vanquished Creatures (collateral kills)
  A worm (Sewer)
1 creature vanquished.

Vanquished Creatures (others)
  An orc (D:3)
  5 fungi
  14 plants (D:10)
  9 toadstools (D:3)
29 creatures vanquished.

Grand Total: 500 creatures vanquished

Notes
Turn   | Place    | Note
-------+----------+-------------------------------------------
     0 | D:1      | 1player the Gargoyle Earth Elementalist began the quest for
                  | the Orb.
     0 | D:1      | Reached XP level 1. HP: 10/10 MP: 3/3
   134 | D:1      | Found a sparkling altar of Nemelex Xobeh.
   148 | D:1      | Reached skill level 4 in Earth Magic
   258 | D:1      | Reached XP level 2. HP: 15/15 MP: 3/5
  1075 | D:1      | Reached XP level 3. HP: 16/19 MP: 4/6
  1190 | D:1      | Learned a level 3 spell: Stone Arrow
  1759 | D:2      | Found a hazy altar of Hepliaklqana.
  1853 | D:2      | Reached skill level 5 in Earth Magic
  1895 | D:2      | Reached skill level 1 in Conjurations
  2016 | D:2      | Noticed Terence
  2247 | D:1      | Killed Terence
  2247 | D:1      | Reached XP level 4. HP: 20/24 MP: 2/7
  2851 | D:3      | Learned a level 2 spell: Passwall
  2903 | D:3      | Found a glowing drain.
  2989 | D:3      | Reached XP level 5. HP: 16/28 MP: 4/8
  3055 | Sewer    | Entered a sewer
  4374 | D:3      | Reached XP level 6. HP: 32/32 MP: 9/9
  4381 | D:3      | Reached skill level 5 in Conjurations
  5278 | D:4      | Reached skill level 6 in Earth Magic
  5337 | D:4      | Found Yshruacs's Antique Weapon Shop.
  5464 | D:4      | Reached XP level 7. HP: 27/36 MP: 11/11
  5806 | D:4      | Noticed Edmund
  6128 | D:4      | Reached skill level 7 in Earth Magic
  6450 | D:4      | Killed Edmund
  6450 | D:4      | Reached skill level 8 in Earth Magic
  6598 | D:5      | Entered Level 5 of the Dungeon
  6654 | D:5      | Found a transporter.
  6654 | D:5      | Found a transporter.
  6655 | D:5      | Noticed Sassenached's ghost (amateur DgWn)
  6655 | D:5      | Identified the cursed +3 dire flail of the Crypt {venom,
                  | rC+ SInv}
  6695 | D:5      | Reached skill level 1 in Fighting
  6695 | D:5      | Reached XP level 8. HP: 44/44 MP: 14/14
  6741 | D:5      | Found a sacrificial altar of Ru.
  6897 | D:5      | Noticed Menkaure
  7357 | D:5      | Found a staircase to the Ecumenical Temple.
  7366 | Temple   | Entered the Ecumenical Temple
  7611 | Temple   | Became a worshipper of Vehumet
  7736 | D:5      | Found a shimmering blue altar of Sif Muna.
  8181 | D:5      | Killed Menkaure
  8332 | D:6      | Found a sand-covered staircase.
  8341 | Ossuary  | Entered an ossuary
  8498 | Ossuary  | Learned a level 5 spell: Lee's Rapid Deconstruction
  8516 | Ossuary  | Reached * piety under Vehumet
  8516 | Ossuary  | Offered knowledge of Magic Dart by Vehumet.
  8522 | Ossuary  | Learned a level 1 spell: Magic Dart
  8541 | Ossuary  | Noticed a wraith
  8541 | Ossuary  | Noticed a flying skull
  8548 | Ossuary  | Noticed a flying skull
  8555 | Ossuary  | Noticed a wraith
  8592 | Ossuary  | Killed a wraith
  8696 | Ossuary  | Noticed a flying skull
  8703 | Ossuary  | Noticed a wraith
  8775 | D:6      | Found a basalt altar of Yredelemnul.
  8777 | D:6      | Found a sacrificial altar of Ru.
  8959 | D:6      | Reached XP level 9. HP: 52/52 MP: 5/15
  9100 | D:6      | Noticed Blork the orc
  9115 | D:6      | Killed Blork the orc
  9115 | D:6      | Reached skill level 9 in Earth Magic
 10218 | D:7      | Reached skill level 10 in Earth Magic
 10493 | D:7      | Got a warped spear
 11050 | D:7      | Reached skill level 11 in Earth Magic
 11348 | D:7      | Found a stormy altar of Qazlal.
 11348 | D:7      | Found a glowing silver altar of Zin.
 11349 | D:7      | Found a blossoming altar of Fedhas.
 11349 | D:7      | Found a shattered altar of Ashenzari.
 11350 | D:7      | Found a glowing golden altar of the Shining One.
 11694 | D:8      | Identified the cursed +3 spear of Wuxzexuph {freeze, rC+
                  | MR+ Stlth+} (You found it on level 7 of the Dungeon)
 11728 | D:8      | Noticed an unseen horror
 12168 | D:8      | Reached skill level 12 in Earth Magic
 12246 | D:8      | Found a transporter.
 12248 | D:8      | Found a transporter.
 12250 | D:8      | Noticed a deep elf mage
 12250 | D:8      | Noticed a freezing wraith
 12252 | D:8      | Noticed Maggie
 12661 | D:8      | Found a radiant altar of Vehumet.
 12728 | D:8      | Reached XP level 10. HP: 51/56 MP: 16/16
 12844 | D:8      | Killed Maggie
 12844 | D:8      | Reached ** piety under Vehumet
 13008 | D:8      | Found an iron altar of Okawaru.
 13013 | D:8      | Offered knowledge of Freeze by Vehumet.
 13013 | D:8      | Reached skill level 5 in Dodging
 13175 | D:8      | Found a burning altar of Makhleb.
 13286 | D:9      | Learned a level 1 spell: Freeze
 13932 | D:8      | Offered knowledge of Dazzling Flash by Vehumet.
 14180 | D:9      | Noticed a cyclops
 14184 | D:9      | Killed a cyclops
 14184 | D:9      | Reached skill level 5 in Spellcasting
 14365 | D:9      | Reached *** piety under Vehumet
 14365 | D:9      | Reached skill level 5 in Fighting
 14481 | D:9      | Noticed a kobold demonologist
 14482 | D:9      | Noticed an orc sorcerer
 14811 | D:9      | Reached XP level 11. HP: 60/66 MP: 19/19
 15047 | D:9      | Found an ancient bone altar of Kikubaaqudgha.
 15208 | D:9      | Killed an orc sorcerer
 15471 | D:9      | Noticed a deep elf mage
 15813 | D:9      | Killed a deep elf mage
 15917 | D:9      | Reached skill level 5 in Stealth
 16045 | D:9      | Noticed a centaur warrior
 16046 | D:9      | Noticed a white ugly thing
 16049 | D:9      | Killed a centaur warrior
 16049 | D:9      | Noticed a two-headed ogre
 16183 | D:9      | Killed a white ugly thing
 16387 | D:9      | Learned a level 3 spell: Dazzling Flash
 16524 | D:9      | Killed a two-headed ogre
 16622 | D:10     | Entered Level 10 of the Dungeon
 16631 | D:10     | Offered knowledge of Olgreb's Toxic Radiance by Vehumet.
 16805 | D:10     | Noticed a two-headed ogre
 16810 | D:10     | Killed a two-headed ogre
 17087 | D:10     | Identified a scroll of acquirement
 17087 | D:10     | Acquired an uncursed staff of energy
 17200 | D:10     | Learned a level 4 spell: Petrify
 17257 | D:10     | Found Woum's Distillery.
 17266 | D:10     | Bought a potion of invisibility for 128 gold pieces
 17454 | D:10     | Reached skill level 1 in Transmutations
 17892 | D:10     | Reached **** piety under Vehumet
 17994 | D:10     | Found a staircase to the Lair.
 18062 | D:10     | Noticed Psyche
 18067 | D:10     | Killed Psyche
 18565 | D:11     | Reached XP level 12. HP: 77/77 MP: 4/20
 18628 | D:11     | Reached skill level 10 in Fighting
 19026 | D:11     | Noticed a seven-headed hydra
 19085 | D:11     | Killed a seven-headed hydra
 19508 | D:11     | Found the +5 scythe "Finisher" {speed, eviscerate}
 19735 | D:11     | Offered knowledge of Yara's Violent Unravelling by Vehumet.
 19908 | D:11     | Reached skill level 5 in Transmutations
 20199 | D:11     | Found a staircase to the Orcish Mines.
 21205 | D:10     | Learned a level 2 spell: Searing Ray
 21208 | Lair:1   | Entered Level 1 of the Lair of Beasts
 21241 | Lair:1   | Found a dark tunnel.
 21247 | Volcano  | Entered a volcano
 21704 | Volcano  | Found a bloodstained altar of Trog.
 22408 | Lair:1   | Noticed Nergalle
 22951 | Lair:1   | Killed Nergalle
 22951 | Lair:1   | Reached skill level 13 in Earth Magic
 23225 | Lair:2   | Reached XP level 13. HP: 82/82 MP: 14/22
 23433 | Lair:2   | Reached skill level 10 in Conjurations
 24023 | Lair:2   | Reached ***** piety under Vehumet
 24023 | Lair:2   | Reached skill level 14 in Earth Magic
 25461 | Lair:3   | Found a staircase to the Snake Pit.
 26482 | Lair:3   | Offered knowledge of Ozocubu's Refrigeration by Vehumet.
 27125 | Lair:4   | Reached skill level 15 in Earth Magic
 27172 | Lair:4   | Found a staircase to the Shoals.
 27577 | Lair:4   | Quit the game

Illustrated notes

Levels and vault maps discovered:
D:1:      heliophobic_arrival_enchanted_forest, layout_rooms,
          grunt_decor_one_mirror, nemelex_xobeh_ov_fountains_minmay
D:2:      layout_loops_cross, overflow_temple_1_default, minmay_misc_feat_x,
          kennysheep_generic_room_13, uniq_terence
D:3:      cheibrodos_fertilizer, layout_rooms, portal_sewer_entry_b
D:4:      layout_basic, serial_shops, shop, serial_curves, eino_curves_04,
          eino_curves_03, serial_bayou_pond_c, minmay_close_crescents,
          uniq_edmund
D:5:      layout_loops_ring, marbit_many_paths, temple_hall,
          gammafunk_ghost_smash, hangedman_decor_points,
          nicolae_ru_sacrificial_ziggurat, uniq_menkaure
D:6:      layout_basic, nicolae_overflow_hidden_temple,
          lightli_ossuary_entry_decrepit_ruins, uniq_blork_the_orc
D:7:      layout_gridville, grunt_temple_overflow_open
D:8:      gammafunk_sealed_arena, layout_layer_cave,
          gammafunk_temple_overflow_pools, basic_altar, uniq_maggie
D:9:      minmay_the_grid_3x3 [minmay_the_grid_minigrid_medium,
          minmay_the_grid_fan, minmay_the_grid_gridbox,
          minmay_the_grid_plusring, minmay_the_grid_all_tris,
          minmay_the_grid_small_cups, minmay_the_grid_tri_star,
          minmay_the_grid_aliased_spiral, minmay_the_grid_prize_trominoes],
          layout_loops_ring, kennysheep_vampire_church
D:10:     layout_long_grid, minmay_lair_entry_grove, serial_shops, shop,
          blue_anna_alchemist [blue_anna_fruit_fields, blue_anna_fruit_fields],
          uniq_psyche
D:11:     layout_cave_pools, kennysheep_orc_monster_closet_entryway,
          minmay_guarded_unrand_finisher
Temple:   dpeg_chambers_temple
Lair:1:   layout_regular_city, nicolae_volcano_entry_two_sided, uniq_nergalle
Lair:2:   layout_gridlike, grunt_megastairs_4, lemuel_fruit_tree,
          serial_bayou_shore_b
Lair:3:   layout_regular_city, minmay_snake_entry_guardpost_small,
          minmay_shattered_shrine
Lair:4:   layout_regular_city, minmay_shoals_entry_beasts,
          infiniplex_staircase_pool, lemuel_fruit_fields

Skill      XL: |  1  2  3  4  5  6  7  8  9 10 11 12 13 |
---------------+----------------------------------------+-----
Earth Magic    | 4 5 6 8 12 13 15 | 15.0
Conjurations   | 2 3 4 5 7 8 9 10 | 10.0
Spellcasting   | 3 4 5 6 |  6.0
Fighting       | 1 4 6 9 10 | 10.0
Dodging        | 3 6 7 |  7.3
Stealth        | 6 |  6.0
Transmutations | 2 6 7 |  7.0

Action                   |  1- 3 |  4- 6 |  7- 9 | 10-12 | 13-15 || total
-------------------------+-------+-------+-------+-------+-------++-------
Melee: Dagger            |    77 |   256 |   306 |       |       ||   639
       Spear             |       |       |    35 |   208 |    68 ||   311
       Staff             |       |       |       |     8 |     3 ||    11
 Cast: Sandblast         |    55 |    34 |    65 |       |       ||   154
       Passwall          |       |     1 |     2 |       |       ||     3
       Stone Arrow       |       |       |    55 |   336 |   120 ||   511
       Magic Dart        |       |       |    47 |   127 |    32 ||   206
       Lee's Rapid Decon |       |       |       |     4 |     7 ||    11
       Petrify           |       |       |       |     1 |     7 ||     8
       Dazzling Flash    |       |       |       |       |     2 ||     2
Evoke: Wand              |     1 |    10 |     6 |       |       ||    17
       Lightning rod     |       |       |       |     4 |       ||     4
  Use: Scroll            |     2 |     9 |    15 |    12 |     1 ||    39
       Potion            |       |     2 |     3 |     4 |       ||     9
 Stab: Sleeping          |     2 |     5 |     8 |     2 |       ||    17
       Confused          |       |     1 |       |       |       ||     1
       Distracted        |       |       |       |     1 |       ||     1
       Petrified         |       |       |       |     3 |     5 ||     8
Armor: Robe              |    41 |   117 |   170 |   195 |    73 ||   596
Dodge: Dodged            |    62 |   185 |   271 |   363 |   150 ||  1031

Table legend: (Time is in decaauts)
 A = Elapsed time spent in this place.
 B = Non-inter-level travel time spent in this place.
 C = Inter-level travel time spent in this place.
 D = Time resting spent in this place.
 E = Time spent auto-exploring this place.
 F = Levels seen in this place.
 G = Mean time per level.
                   A        B        C        D        E       F      G
               +--------+--------+--------+--------+--------+-----+--------+
         Total |  27778 |  26707 |   1071 |   9111 |   8992 |  19 | 1462.0 |
       Dungeon |  19729 |  18826 |    903 |   6102 |   6209 |  11 | 1793.5 |
        Temple |    253 |    222 |     31 |      0 |    220 |   1 |  253.0 |
          Lair |   5500 |   5363 |    137 |   2217 |   2218 |   4 | 1375.0 |
         Sewer |    959 |    959 |      0 |    156 |    300 |   1 |  959.0 |
       Ossuary |    463 |    463 |      0 |     66 |     44 |   1 |  463.0 |
       Volcano |    872 |    872 |      0 |    569 |      0 |   1 |  872.0 |
               +--------+--------+--------+--------+--------+-----+--------+

Top non-repeatable levels by time:
     D:9: 3063 daAuts
    D:11: 2472 daAuts
    D:10: 2113 daAuts
  Lair:3: 2018 daAuts
     D:8: 1934 daAuts
     D:6: 1676 daAuts
     D:3: 1504 daAuts
     D:2: 1474 daAuts
     D:1: 1445 daAuts
  Lair:2: 1436 daAuts
     D:5: 1412 daAuts
     D:4: 1400 daAuts
  Lair:1: 1386 daAuts
     D:7: 1231 daAuts
   Sewer: 959 daAuts
